Map: Orbital Shipyard

Players

Jamileon - Winner!

  • Race: Protoss Protoss
  • League: Master

Glorfindel

  • Race: Terran Terran
  • League: Master

VOD

Have the link to the VOD?

Description

Time

  • Played on: March 14, 2016, 1:11 a.m.
  • Length: 14:30
Show
View Real Time Build Order
Export as new Build Order

Jamileon Protoss - Winner!

Build Orders: 1 Gate Expand, Oracle Opening, Phoenix Opening 

Get SALT Encoding   

  12  0:01  Probe (Chrono Boost)  
  13  0:12  Probe (Chrono Boost)  
  14  0:19  Pylon  
  14  0:22  Probe (Chrono Boost)  
  15  0:37  Probe (Chrono Boost)  
  15  0:39  Gateway  
  16  0:46  Assimilator  
  16  0:48  Probe (Chrono Boost)  
  17  0:58  Probe (Chrono Boost)  
  18  1:09  Probe (Chrono Boost)  
  19  1:20  Nexus  
  19  1:25  Probe (Chrono Boost)  
  20  1:35  Cybernetics Core  
  20  1:39  Probe (Chrono Boost)  
  21  1:46  Assimilator  
  21  1:50  Probe (Chrono Boost)  
  22  1:59  Pylon  
  22  2:01  Probe (Chrono Boost)  
  23  2:16  Warp Gate  
  23  2:17  Probe (Chrono Boost), Adept  
  26  2:27  Probe (Chrono Boost)  
  27  2:32  Stargate  
  27  2:34  Probe (Chrono Boost)  
  28  2:38  Probe (Chrono Boost)  
  28  2:44  Adept  
  31  2:45  Probe (Chrono Boost)  
  31  2:50  Probe (Chrono Boost)  
  33  2:55  Probe (Chrono Boost)  
  34  3:01  Mothership Core (Chrono Boost)  
  36  3:06  Probe (Chrono Boost)  
  39  3:15  Probe (Chrono Boost)  
  39  3:18  Oracle (Chrono Boost)  
  39  3:19  Probe  
  42  3:24  Gateway x2  
  42  3:26  Probe  
  42  3:30  Pylon  
  42  3:31  Probe  
  44  3:38  Adept  
  44  3:41  Pylon  
  46  3:47  Probe  
  48  3:48  Probe  
  48  3:50  Phoenix (Chrono Boost)  
  50  3:57  Probe  
  50  4:00  Probe  
  52  4:08  Probe  
  53  4:13  Phoenix (Chrono Boost), Nexus  
  53  4:14  Pylon  
  55  4:17  Probe  
  56  4:27  Probe  
  56  4:29  Probe  
  56  4:31  Assimilator  
  58  4:32  Assimilator, Adept  
  58  4:35  Phoenix (Chrono Boost)  
  58  4:37  Probe  
  63  4:50  Probe  
  64  4:58  Pylon, Twilight Council  
  64  5:01  Adept x2  
  64  5:02  Adept  
  70  5:11  Pylon  
  70  5:13  Pylon  
  70  5:15  Probe  
  70  5:16  Probe  
  70  5:19  Assimilator  
  72  5:23  Assimilator, Phoenix (Chrono Boost)  
  72  5:24  Probe  
  72  5:25  Probe  
  76  5:28  Probe  
  76  5:34  Probe  
  77  5:36  Resonating Glaives, Probe  
  77  5:37  Robotics Facility  
  77  5:40  Probe  
  77  5:42  Adept  
  82  5:44  Phoenix (Chrono Boost)  
  82  5:45  Probe  
  82  5:48  Pylon  
  85  5:52  Pylon  
  85  5:53  Probe  
  85  5:55  Probe x2  
  87  6:00  Adept x2  
  92  6:04  Probe  
  92  6:06  Probe  
  92  6:07  Probe  
  97  6:14  Oracle (Chrono Boost)  
  97  6:16  Probe  
  97  6:17  Probe  
  97  6:19  Probe, Adept  
  97  6:21  Adept x2  
  104  6:30  Probe  
  104  6:31  Probe  
  106  6:32  Probe  
  106  6:33  Robotics Facility, Robotics Bay  
  107  6:41  Pylon  
  107  6:49  Phoenix (Chrono Boost)  
  107  6:51  Probe  
  107  6:52  Probe  
  107  6:53  Adept x3  
  117  6:57  Pylon  
  117  7:06  Pylon  
  117  7:12  Phoenix (Chrono Boost)  
  119  7:21  Colossus x2 (Chrono Boost)  
  131  7:25  Extended Thermal Lance  
  131  7:26  Nexus  
  131  7:27  Pylon  
  131  7:36  Forge, Phoenix  
  133  7:37  Forge  
  133  7:41  Probe  
  133  7:43  Probe x2  
  136  7:52  Probe  
  137  8:02  Assimilator  
  137  8:03  Phoenix  
  139  8:07  Assimilator  
  139  8:08  Colossus (Chrono Boost)  
  139  8:09  Colossus (Chrono Boost)  
  139  8:11  Photon Cannon  
  151  8:13  Photon Cannon  
  151  8:19  Protoss Ground Armor Level 1, Protoss Ground Weapons Level 1, Fleet Beacon  
  151  8:39  Stalker x3  
  157  8:56  Disruptor x2 (Chrono Boost)  
  157  9:02  Adept x3  
  163  9:30  Disruptor x2 (Chrono Boost)  
  169  9:34  Adept  
  169  9:37  Assimilator  
  171  9:38  Pylon  
  171  9:40  Pylon  
  171  9:42  Pylon  
  171  9:47  Pylon  
  171  9:49  Anion Pulse-Crystals  
  171  9:51  Protoss Air Weapons Level 1  
  171  9:56  Phoenix  
  171  9:57  Gateway  
  173  10:00  Gateway  
  173  10:01  Disruptor x2 (Chrono Boost)  
  173  10:02  Gateway  
  173  10:04  Gateway  
  173  10:06  Gateway  
  179  10:10  Stalker x3  
  179  10:13  Protoss Ground Weapons Level 2 (Chrono Boost), Protoss Ground Armor Level 2 (Chrono Boost)  
  185  10:27  Gateway  
  185  10:28  Gateway  
  185  10:30  Gateway x2  
  185  10:35  Disruptor (Chrono Boost)  
  188  10:42  Stalker x3  
  194  10:49  Observer (Chrono Boost)  
  195  10:58  Templar Archives, Charge  
  195  11:07  Pylon  
  195  11:09  Photon Cannon, Dark Shrine  
  195  11:10  Photon Cannon  
  157  11:38  Disruptor x2 (Chrono Boost)  
  139  11:46  Stalker x4  
  139  11:47  Stalker x4  
  155  12:01  Psionic Storm  
  155  12:03  Probe  
  155  12:04  Probe  
  155  12:05  Probe  
  155  12:07  Pylon, Nexus  
  158  12:13  Pylon  
  151  12:20  Disruptor x2  
  151  12:24  Zealot x10  
  151  12:25  Zealot x2  
  166  12:52  Stargate, Fleet Beacon  
  166  12:54  Stargate  
  166  12:59  Assimilator  
  166  13:00  Assimilator  
  166  13:17  High Templar x5  
  173  13:27  Oracle  
  172  13:46  Tempest  
  188  13:57  Zealot x2  
  188  13:58  Zealot x4  
  200  14:11  Archon  
  153  14:24  High Templar  
  153  14:25  High Templar x4  
  153  14:26  Zealot x7  
Show
View Real Time Build Order
Export as new Build Order

Glorfindel Terran 

Build Orders: MMM Bio 

Get SALT Encoding   

  12  0:01  SCV  
  13  0:13  SCV  
  14  0:18  Supply Depot  
  14  0:25  SCV  
  15  0:38  Refinery  
  15  0:41  Barracks  
  15  0:44  SCV  
  16  0:56  SCV  
  17  1:08  SCV  
  18  1:28  Orbital Command, Barracks Reactor  
  18  1:44  Command Center  
  18  1:54  Supply Depot  
  18  1:55  SCV  
  19  2:06  Factory  
  19  2:10  SCV  
  19  2:14  Marine  
  21  2:16  Marine  
  21  2:22  SCV  
  23  2:31  Marine  
  23  2:34  Marine  
  23  2:36  SCV  
  26  2:48  SCV  
  26  2:50  Starport  
  27  2:52  Marine x2  
  29  2:58  Orbital Command  
  29  3:02  SCV  
  30  3:08  Widow Mine  
  30  3:10  Marine x2  
  34  3:14  SCV  
  34  3:16  Supply Depot  
  35  3:27  SCV  
  36  3:28  Medivac  
  36  3:30  SCV  
  39  3:36  Barracks  
  39  3:39  Marine, SCV  
  39  3:40  Refinery  
  41  3:42  SCV  
  41  3:43  Marine  
  43  3:49  Supply Depot  
  43  3:56  Barracks  
  43  3:57  Marine  
  43  4:01  Marine  
  45  4:04  SCV  
  45  4:09  SCV  
  46  4:11  Medivac  
  46  4:15  Marine  
  46  4:16  SCV  
  50  4:19  Marine  
  50  4:21  SCV  
  50  4:28  SCV  
  51  4:32  Barracks Tech Lab  
  51  4:33  SCV  
  52  4:40  SCV  
  53  4:50  SCV  
  53  4:52  SCV  
  51  4:56  Widow Mine  
  51  4:57  Engineering Bay  
  51  4:59  Command Center  
  53  5:00  Stimpack, Barracks Tech Lab, Barracks  
  53  5:01  Marine  
  53  5:04  SCV  
  53  5:05  SCV  
  56  5:13  Engineering Bay  
  56  5:16  SCV  
  56  5:17  SCV  
  58  5:25  Refinery  
  58  5:26  Refinery  
  58  5:27  Terran Infantry Weapons Level 1  
  58  5:28  SCV  
  59  5:29  Missile Turret  
  59  5:32  Missile Turret  
  59  5:33  Factory Reactor  
  59  5:37  SCV  
  59  5:41  SCV  
  61  5:49  SCV  
  62  5:55  Barracks Reactor  
  62  5:57  Barracks  
  62  6:02  Barracks  
  62  6:04  Barracks  
  64  6:11  SCV x2  
  64  6:13  Orbital Command  
  64  6:14  Starport Reactor, Widow Mine x2  
  68  6:23  SCV x2, Marauder x2  
  74  6:32  Terran Infantry Armor Level 1  
  74  6:35  SCV x2  
  74  6:37  Armory  
  74  6:39  SCV  
  77  6:45  Barracks Tech Lab  
  77  6:48  Orbital Command  
  77  6:52  Barracks Tech Lab  
  77  6:53  Widow Mine x2  
  77  6:54  SCV x2  
  83  6:55  Supply Depot  
  83  6:58  Barracks Tech Lab, Supply Depot  
  83  7:04  Marauder  
  83  7:05  Combat Shields  
  85  7:15  Missile Turret  
  85  7:17  SCV x3, Marauder  
  85  7:22  Medivac x2  
  94  7:23  Supply Depot x2  
  94  7:26  Refinery  
  94  7:29  SCV x3, Terran Infantry Weapons Level 2  
  97  7:30  Refinery  
  97  7:41  SCV x3  
  97  7:43  Supply Depot  
  100  7:44  Widow Mine x2  
  100  7:50  Supply Depot, Marauder  
  106  7:52  Medivac  
  106  7:53  SCV x3  
  111  8:01  Marauder x3  
  117  8:11  Marauder  
  117  8:12  Marine, Supply Depot x2  
  119  8:13  Medivac, Marine, Supply Depot x2  
  119  8:16  Widow Mine x2  
  127  8:22  Marauder x2  
  127  8:24  Concussive Shells  
  127  8:26  Marauder  
  133  8:27  Marine  
  133  8:29  SCV  
  133  8:30  SCV  
  133  8:33  Marauder  
  138  8:35  Terran Infantry Armor Level 2  
  138  8:39  Marine x2  
  140  8:42  Starport  
  140  8:43  Marauder  
  140  8:45  Widow Mine x2  
  146  8:51  Starport  
  146  8:58  Marine x2  
  142  9:29  Viking x2  
  142  9:34  Starport Reactor x2  
  142  9:38  SCV x2  
  144  9:42  Command Center, Marauder x4  
  144  9:43  Command Center  
  144  9:45  Starport  
  152  9:54  Supply Depot  
  152  9:55  Supply Depot  
  152  10:03  Terran Infantry Weapons Level 3, Marauder  
  152  10:04  Terran Vehicle Weapons Level 1  
  152  10:06  Missile Turret  
  154  10:09  Viking x2  
  158  10:16  Viking  
  158  10:17  Viking  
  162  10:25  Viking  
  162  10:26  Viking x2  
  168  10:31  Marine  
  168  10:32  Marine x3  
  172  10:39  Viking  
  174  10:48  Viking x2  
  178  10:51  Viking  
  178  10:55  Orbital Command, Viking, Supply Depot  
  178  10:56  Orbital Command  
  182  11:05  Viking x2  
  182  11:08  Viking  
  182  11:09  Refinery x2  
  152  11:30  Marine x2  
  98  11:32  Liberator  
  126  11:33  Liberator x3  
  126  11:36  Marine x2  
  119  11:51  Marine x2  
  119  11:53  Orbital Command  
  133  12:01  Marine x2, Marauder  
  136  12:04  Marine x2, Marauder  
  141  12:12  Orbital Command  
  125  12:17  Marine x2  
  125  12:20  Marine x2  
  111  12:23  Marine  
  111  12:24  Marine, Marauder  
  111  12:25  Viking x2  
  119  12:31  Marauder  
  119  12:32  Liberator x3  
  119  12:35  Marine x2  
  119  12:37  Marine  
  119  12:38  Liberator  
  119  12:42  Marauder x2  
  119  12:43  Marine  
  124  12:48  Marine  
  134  12:52  Marine  
  134  12:53  Marine x2  
  134  12:58  Marine  
  141  13:03  Marauder  
  143  13:08  Marine  
  143  13:09  Marine x2, Marauder  
  148  13:13  Marine x2  
  148  13:15  Marine  
  151  13:29  Orbital Command, Marine x2  
  151  13:30  Medivac x2, Marauder  
  159  13:43  Marine x2  
  159  13:44  Marine  
  159  13:45  Marauder  
  164  13:50  Marine x3, Marauder  
  169  13:56  SCV x4  
  169  14:01  Marine  
  174  14:06  Marauder  
Tags
 
Add a new tag
Caveats
  • Supply blocks, unpowered buildings, or Contaminate may cause inaccurate times.
  • Supply counts are checked every 10 seconds.